 Seeded DCSS version 0.28-a0-1038-g9c4cb8273d (webtiles) character file.

Game seed: 20211209 (custom seed)

26991 a11behringer the Fencer (level 13, -9/116 HPs)
             Began as a Minotaur Berserker on Dec 9, 2021.
             Was a High Priest of Trog.
             Mangled by an azure jelly (38 damage)
             ... in an ice cave.
             The game lasted 00:42:27 (13628 turns).

a11behringer the Fencer (Minotaur Berserker)       Turns: 13628, Time: 00:42:27

Health: -9/116     AC: 22    Str: 40    XL:     13   Next: 1%
Magic:  5/12       EV: 11    Int:  4    God:    Trog [*****.]
Gold:   279        SH:  7    Dex: 12    Spells: 12/12 levels left

rFire   x . .      SeeInvis .   M - +0 scimitar
rCold   . . .      Faith    .   m - +2 buckler
rNeg    . . .      Spirit   .   U - +0 plate armour
rPois   .          Reflect  .   (helmet restricted)
rElec   .          Harm     .   w - +2 cloak
rCorr   +          Rampage  +   (no gloves)
Will    .....                   P - +1 pair of boots {rampage}
Stlth   ..........              X - amulet of Yshraipume {Acrobat Contam rF- Regen+ Str+9}
HPRegen 1.09/turn               d - +6 ring of strength
MPRegen 0.13/turn               o - ring of resist corrosion

@: on berserk cooldown, slowed, very slow
A: horns 2, retaliatory headbutt
a: Renounce Religion, Berserk, Trog's Hand, Brothers in Arms


You were in an ice cave.
You worshipped Trog.
Trog was extremely pleased with you.
You visited 1 branch of the dungeon, and saw 13 of its levels.
You also visited: Ice Cave.

You collected 755 gold pieces.
You spent 476 gold pieces at shops.

Inventory:

Hand Weapons
 i - the +5 rapier of the Onslaught {antimagic, Int+2}
   (You found it on level 8 of the Dungeon)

   It reduces the magical energy of the wielder, and disrupts the spells and
   magical abilities of those it strikes.
   Natural abilities and divine invocations are not affected.
   Int:       It affects your intelligence (+2).
 L - a +0 shortbow
 M - a +0 scimitar (weapon)
 S - a +3 longbow
 Y - a +0 vampiric falchion
Missiles
 h - 109 bolts
 q - 250 arrows
 s - 34 poisoned darts (quivered)
 v - a throwing net
Armour
 m - a +2 buckler (worn)
 w - a +2 cloak (worn)
 A - a scarf of repulsion
 C - a +2 ring mail of willpower
 P - a +1 pair of boots of rampaging (worn)
 U - a +0 plate armour (worn)
Jewellery
 b - a ring of ice
 d - a +6 ring of strength (left hand)
 o - a ring of resist corrosion (right hand)
 t - a ring of fire
 X - the amulet of Yshraipume (around neck) {Acrobat Contam rF- Regen+ Str+9}
   (You bought it in a shop on level 10 of the Dungeon)

   [amulet of the acrobat]

   It increases your evasion while moving and waiting.
   Str:       It affects your strength (+9).
   rF:        It makes you vulnerable to fire.
   Contam:    It causes magical contamination when unequipped.
   Regen:     It increases your rate of health regeneration.
Wands
 k - a wand of polymorph (5)
 u - a wand of digging (3)
 E - a wand of iceblast (7)
 R - a wand of flame (5)
Scrolls
 c - a scroll of magic mapping {unknown}
 y - a scroll of fear {unknown}
 B - 3 scrolls of brand weapon
 F - 3 scrolls of blinking
 K - a scroll of teleportation
 O - 2 scrolls of silence
 T - a scroll of enchant armour
 W - a scroll of fog
 Z - a scroll of torment {unknown}
Potions
 a - a potion of degeneration {unknown}
 e - a potion of invisibility {unknown}
 g - 3 potions of haste
 j - 5 potions of curing
 n - a potion of might
 p - a potion of lignification {unknown}
 r - 3 potions of flight
 z - 2 potions of magic
 G - a potion of berserk rage {unknown}
 H - 2 potions of cancellation
 I - 2 potions of attraction
 J - 3 potions of heal wounds
 N - 2 potions of ambrosia


   Skills:
 + Level 11.6 Fighting
 * Level 17.6 Long Blades
 + Level 13.8 Armour
 + Level 5.5 Dodging
 + Level 7.4 Shields
 + Level 0.6 Evocations


You had 12 spell levels left.
You didn't know any spells.
Your spell library was empty.

Dungeon Overview and Level Annotations

Branches:
Dungeon (13/15)            Temple (0/1) D:7            Lair (0/6) D:9
    Orc (0/2) D:11          IceCv (1/1)
 Vaults: D:13-14

Altars:
Hepliaklqana
Qazlal
Uskayaw
Vehumet

Shops:
D:7 !   D:10 =


Innate Abilities, Weirdness & Mutations

You have a pair of horns on your head.
You reflexively headbutt those who attack you in melee.


Message History

The azure jelly is almost dead.
The azure jelly hits you but does no damage. x2
The azure jelly hits you. The azure jelly barely misses you.
You chop the azure jelly into pieces!!!
You kill the azure jelly!
Trog accepts your kill.
You have reached level 13!
An azure jelly comes into view.
The azure jelly quivers.
You feel a strong urge to attack something.
Found 25 gold pieces.
You are no longer berserk.
You are exhausted.
You feel yourself slow down.
An azure jelly is nearby!
You hit the azure jelly but do no damage.
The azure jelly hits you but does no damage. x3
The azure jelly hits you!
The azure jelly hits you but does no damage. x2
The azure jelly hits you.
The azure jelly hits you but does no damage.
You barely miss the azure jelly. You headbutt the azure jelly.
The azure jelly is lightly wounded.
The azure jelly hits you but does no damage. x2
The azure jelly hits you. x2
You barely miss the azure jelly.
The azure jelly is lightly wounded.
The azure jelly misses you.
The azure jelly hits you but does no damage.
You block the azure jelly's attack. The azure jelly hits you.
You barely miss the azure jelly. You headbutt the azure jelly.
The azure jelly is lightly wounded.
The azure jelly barely misses you. The azure jelly hits you!
The azure jelly freezes you!!!
* * * LOW HITPOINT WARNING * * *
The azure jelly hits you but does no damage. x2
The azure jelly hits you.
* * * LOW HITPOINT WARNING * * *
The azure jelly freezes you!!!
You die...

######## #######
.......### ###.....##
.........# ##........##
###.....####.....#....$
##.....###.....#..... ..
#......#........._.#....
##.............#........
.##########.....@#
...##########....J...#
.........######.....##
..............#######
#########.......### ######
###.......# .....#
###....######## .....###
###....###.....##
##.....###....###........#


You could see an azure jelly.

Vanquished Creatures
  Frances (D:12)
  An azure jelly (IceCv)
  2 quicksilver oozes (IceCv)
  Josephine (D:12)
  A boulder beetle (D:12)
  4 two-headed ogres
  A centaur warrior (D:10)
  3 manticores (D:12)
  The ghost of lunkers the Magician, a novice DjCA of Ignis (D:6)
  A deep elf pyromancer (D:13)
  2 cyclopes
  An ice statue (IceCv)
  Psyche (D:8)
  3 kobold demonologists (D:12)
  A komodo dragon (shapeshifter) (D:13)
  An entropy weaver simulacrum (IceCv)
  2 trolls (D:12)
  Grinder (D:3)
  13 slime creatures (IceCv)
  A hornet (D:9)
  A meliai zombie (D:11)
  Sigmund (D:4)
  3 wyverns
  8 wraiths
  A shadow (D:12)
  3 yaks (D:8)
  A steam dragon (D:8)
  6 wargs
  A water moccasin (D:6)
  4 demonic crawler simulacra (IceCv)
  3 acid dragons
  10 orc warriors
  A sky beast (D:6)
  A black bear (D:8)
  7 ogres
  2 ugly thing simulacra (IceCv)
  3 necrophages
  4 centaurs
  A phantom (D:6)
  6 kobold brigands
  Blork the orc (D:4)
  4 gnoll sergeants
  A glowing shapeshifter simulacrum (IceCv)
  2 bullfrogs (D:7)
  A wyvern zombie (D:5)
  3 scorpions (D:5)
  A water moccasin zombie (D:5)
  A wyvern skeleton (D:7)
  A water moccasin skeleton (D:5)
  7 killer bees (D:9)
  7 howler monkeys
  A lava snake (D:7)
  5 centaur zombies
  13 orc priests
  2 gnoll shamans (D:6)
  2 jellies
  11 hounds
  Crazy Yiuf (D:3)
  A centaur skeleton (D:6)
  11 orc wizards
  A howler monkey skeleton (D:4)
  A howler monkey zombie (D:5)
  8 adders
  17 gnolls
  A shadow imp (D:6)
  15 white imps
  An ufetubus (D:6)
  An adder skeleton (D:4)
  2 worms
  2 dart slugs (D:1)
  41 orcs
  2 bats (D:1)
  11 endoplasms
  8 giant cockroaches
  12 hobgoblins
  6 jackals (D:2)
  2 quokkas (D:1)
  9 ball pythons
  5 frilled lizards
  7 goblins
  13 kobolds
  9 rats
359 creatures vanquished.

Vanquished Creatures (collateral kills)
  A hydra (D:12)
1 creature vanquished.

Vanquished Creatures (others)
  4 plants
4 creatures vanquished.

Grand Total: 364 creatures vanquished

Notes
Turn   | Place    | Note
-------+----------+-------------------------------------------
     0 | D:1      | a11behringer the Minotaur Berserker began the quest for the
                  | Orb.
     0 | D:1      | Reached XP level 1. HP: 19/19 MP: 0/0
    45 | D:1      | Reached skill level 4 in Long Blades
    93 | D:1      | Found a faded altar of an unknown god.
    95 | D:1      | Reached XP level 2. HP: 27/27 MP: 1/1
   678 | D:1      | Reached ** piety under Trog
   679 | D:1      | Reached XP level 3. HP: 33/33 MP: 2/2
  1522 | D:2      | Reached skill level 5 in Long Blades
  1858 | D:2      | Reached XP level 4. HP: 38/40 MP: 3/3
  2211 | D:3      | Noticed Grinder
  2222 | D:3      | Killed Grinder
  2223 | D:3      | Reached skill level 6 in Long Blades
  2223 | D:3      | Reached XP level 5. HP: 47/47 MP: 4/4
  2223 | D:3      | Reached XP level 6. HP: 55/55 MP: 5/5
  2380 | D:3      | Found a runed translucent door.
  2381 | D:3      | Noticed Crazy Yiuf
  2555 | D:3      | Reached skill level 5 in Fighting
  2555 | D:3      | Reached skill level 7 in Long Blades
  2618 | D:3      | Reached *** piety under Trog
  2884 | D:3      | Killed Crazy Yiuf
  2945 | D:4      | Noticed Sigmund
  2953 | D:4      | Killed Sigmund
  2954 | D:4      | Reached skill level 8 in Long Blades
  2954 | D:4      | Reached XP level 7. HP: 61/61 MP: 6/6
  2994 | D:4      | Noticed Blork the orc
  3012 | D:4      | Killed Blork the orc
  3148 | D:4      | Reached skill level 9 in Long Blades
  3497 | D:5      | Entered Level 5 of the Dungeon
  3847 | D:5      | Found a radiant altar of Vehumet.
  3861 | D:5      | Reached XP level 8. HP: 70/70 MP: 7/7
  3909 | D:5      | Reached skill level 10 in Long Blades
  3980 | D:5      | Found a hide-covered altar of Uskayaw.
  3981 | D:5      | Found a hazy altar of Hepliaklqana.
  4660 | D:6      | Reached skill level 5 in Armour
  4780 | D:6      | Found a stormy altar of Qazlal.
  4796 | D:6      | Reached skill level 11 in Long Blades
  5165 | D:6      | Reached **** piety under Trog
  5198 | D:6      | Reached XP level 9. HP: 62/78 MP: 8/8
  5208 | D:6      | Reached skill level 12 in Long Blades
  5882 | D:6      | Found a runed translucent door.
  5883 | D:6      | Noticed lunkers's ghost (novice DjCA)
  6023 | D:6      | Reached skill level 13 in Long Blades
  6110 | D:6      | Noticed a cyclops
  6510 | D:6      | Killed a cyclops
  6608 | D:6      | Reached XP level 10. HP: 78/86 MP: 9/9
  6626 | D:6      | Reached skill level 14 in Long Blades
  6966 | D:6      | Killed lunkers's ghost
  7170 | D:7      | Found a staircase to the Ecumenical Temple.
  7399 | D:7      | Found Wiplyol's Distillery.
  8121 | D:8      | Identified the +5 rapier of the Onslaught {antimagic,
                  | Int+2}
  8380 | D:8      | Noticed Psyche
  8401 | D:8      | Killed Psyche
  8402 | D:8      | Reached skill level 1 in Shields
  8764 | D:8      | Reached skill level 15 in Long Blades
  9045 | D:9      | Reached skill level 10 in Armour
  9140 | D:9      | Found a staircase to the Lair.
  9444 | D:9      | Reached XP level 11. HP: 86/95 MP: 10/10
  9905 | D:10     | Entered Level 10 of the Dungeon
  9917 | D:10     | Noticed a two-headed ogre
  9943 | D:10     | Killed a two-headed ogre
 10214 | D:10     | Noticed a centaur warrior
 10221 | D:10     | Killed a centaur warrior
 10247 | D:10     | Found Dead's Jewellery Emporium.
 11272 | D:11     | Found a staircase to the Orcish Mines.
 11310 | D:11     | Reached skill level 5 in Shields
 11341 | D:11     | Reached skill level 5 in Dodging
 11554 | D:11     | Found a stormy altar of Qazlal.
 11663 | D:11     | Noticed a two-headed ogre
 11672 | D:11     | Killed a two-headed ogre
 12035 | D:10     | Bought the amulet of Yshraipume {Acrobat Contam rF- Regen+
                  | Str+9} for 476 gold pieces
 12116 | D:12     | Noticed a two-headed ogre
 12120 | D:12     | Killed a two-headed ogre
 12125 | D:12     | Reached skill level 16 in Long Blades
 12233 | D:12     | Noticed Frances
 12246 | D:12     | Killed Frances
 12251 | D:12     | Reached skill level 10 in Fighting
 12305 | D:12     | Reached XP level 12. HP: 106/106 MP: 11/11
 12506 | D:12     | Identified the +7 war axe of Demonkind {protect, rPois rC-
                  | Str-5 Dex+7}
 12528 | D:12     | Noticed a two-headed ogre
 12532 | D:12     | Killed a two-headed ogre
 12571 | D:12     | Noticed a boulder beetle
 12578 | D:12     | Noticed Josephine
 12584 | D:12     | Killed a boulder beetle
 12602 | D:12     | Killed Josephine
 12702 | D:12     | Noticed a four-headed hydra
 12716 | D:12     | Killed a four-headed hydra
 13138 | D:13     | Found a frozen archway.
 13166 | IceCv    | Entered an ice cave
 13208 | IceCv    | Noticed a quicksilver ooze
 13226 | IceCv    | Killed a quicksilver ooze
 13227 | IceCv    | Reached skill level 17 in Long Blades
 13434 | IceCv    | Reached ***** piety under Trog
 13571 | IceCv    | Noticed a quicksilver ooze
 13579 | IceCv    | Killed a quicksilver ooze
 13612 | IceCv    | Found a viscous altar of Jiyva.
 13612 | IceCv    | Noticed an azure jelly
 13620 | IceCv    | Killed an azure jelly
 13621 | IceCv    | Reached XP level 13. HP: 116/116 MP: 4/12
 13621 | IceCv    | Noticed an azure jelly
 13628 | IceCv    | Mangled by an azure jelly

Illustrated notes

Levels and vault maps discovered:
D:1:      mrwooster_arrival_statue_2, layout_loops_ring,
          shapermc_ecumenical_altar_flowoftime
D:2:      minmay_alternating_diamond, layout_loops_corners, st_stairs_6,
          minmay_tripent
D:3:      minmay_recursive_quarters, layout_basic, uniq_crazy_yiuf_cottage,
          uniq_grinder
D:4:      corexii_shack_village, layout_rooms, uniq_blork_the_orc, uniq_sigmund
D:5:      layout_loops_corners, kennysheep_little_box,
          gammafunk_temple_overflow_pools
D:6:      lemuel_castle_with_subvaults [lemuel_castle_interior_carwin_2],
          layout_loops_ring, overflow_temple_1_default,
          ebering_ghost_reflecting_pool, minmay_misc_feat_encased
D:7:      layout_loops_ring, minmay_temple_entry_offerings, serial_shops,
          nicolae_inconvenience_store, minmay_misc_feat_tower,
          roderic_serpentine_path, serial_bayou_pond_e
D:8:      layout_basic, nicolae_zen_rock_garden, uniq_psyche
D:9:      layout_loops_ring, erik_lair_orcish_takeover
D:10:     layout_cave_pools, serial_shops, nicolae_shop_hallway_stairs
D:11:     layout_long_grid, david_orc_4, nicolae_qazlal_general_emergency
D:12:     layout_roguey, serial_rivers, chequers_serial_rivers_room_a,
          chequers_serial_rivers_micro_a, chequers_serial_rivers_room_a,
          chequers_serial_rivers_marsh, uniq_josephine, uniq_frances
D:13:     layout_long_grid, portal_ice_cave_entry_imps, nicolae_shop_clearance
IceCv:    ice_cave_hellmonk_azure_passage

Skill      XL: |  1  2  3  4  5  6  7  8  9 10 11 12 |
---------------+-------------------------------------+-----
Long Blades    | 4 5 6 8 9 11 13 15 16 17 | 17.6
Fighting       | 4 5 6 7 8 10 11 | 11.6
Armour         | 3 4 5 7 10 12 13 | 13.8
Dodging        | 3 4 5 |  5.5
Shields        | 2 6 7 |  7.4
Evocations     | |  0.6

Action                   |  1- 3 |  4- 6 |  7- 9 | 10-12 | 13-15 || total
-------------------------+-------+-------+-------+-------+-------++-------
Melee: Falchion          |    82 |    72 |   304 |    18 |       ||   476
       Headbutt          |    15 |    20 |    73 |   164 |     2 ||   274
       Scimitar          |       |       |       |   585 |     4 ||   589
Invok: Trog's Hand       |       |     3 |     7 |     8 |       ||    18
       Berserk           |       |     3 |     2 |     7 |       ||    12
       Brothers in Arms  |       |       |       |     1 |       ||     1
Evoke: Wand              |       |       |       |     4 |       ||     4
  Use: Scroll            |       |       |       |    17 |       ||    17
Armor: Animal skin       |     5 |       |       |       |       ||     5
       Leather armour    |     6 |     3 |       |       |       ||     9
       Chain mail        |       |    30 |   125 |   138 |       ||   293
       Plate armour      |       |       |       |   107 |    11 ||   118
Dodge: Dodged            |    55 |    43 |   131 |   217 |     2 ||   448
Block: Buckler           |       |       |       |   141 |     1 ||   142

Table legend: (Time is in decaauts)
 A = Elapsed time spent in this place.
 B = Non-inter-level travel time spent in this place.
 C = Inter-level travel time spent in this place.
 D = Time resting spent in this place.
 E = Time spent auto-exploring this place.
 F = Levels seen in this place.
 G = Mean time per level.
                   A        B        C        D        E       F      G
               +--------+--------+--------+--------+--------+-----+--------+
         Total |  13507 |  12355 |   1152 |    145 |  10156 |  14 |  964.8 |
       Dungeon |  13067 |  11915 |   1152 |    145 |   9917 |  13 | 1005.2 |
      Ice Cave |    439 |    439 |      0 |      0 |    239 |   1 |  439.0 |
               +--------+--------+--------+--------+--------+-----+--------+

Top non-repeatable levels by time:
     D:6: 2105 daAuts
     D:7: 1337 daAuts
     D:1: 1124 daAuts
    D:10: 1101 daAuts
    D:11: 1067 daAuts
     D:2: 1030 daAuts
     D:5: 1000 daAuts
     D:9: 972 daAuts
    D:12: 957 daAuts
     D:8: 912 daAuts
     D:3: 792 daAuts
     D:4: 576 daAuts
   IceCv: 439 daAuts
    D:13: 89 daAuts
